 Dungeon Crawl Stone Soup version 0.28.0-43-g3370ac3207 (webtiles) character file.

Game seed: 3701880147398119916

123 crimpus the Cutter (level 4, -21/57 HPs)
             Began as a Minotaur Gladiator on Mar 27, 2022.
             Killed by an exploding kobold brigand (25 damage)
             ... ignited by their inner flame
             ... on level 3 of the Dungeon.
             The game lasted 00:02:45 (3422 turns).

crimpus the Cutter (Minotaur Gladiator)             Turns: 3422, Time: 00:02:46

Health: -21/57     AC: 22    Str: 18    XL:     4   Next: 79%
Magic:  3/3        EV:  2    Int:  5    God:
Gold:   103        SH:  0    Dex: 14    Spells: 3/3 levels left

rFire   . . .      SeeInvis .   a - +0 rapier
rCold   . . .      Faith    .   (no shield)
rNeg    . . .      Spirit   .   (armour currently unavailable)
rPois   +          Reflect  .   (helmet currently unavailable)
rElec   .          Harm     .   (cloak currently unavailable)
rCorr   .          Rampage  .   (gloves currently unavailable)
Will    .....      NoTele   +   (boots currently unavailable)
Stlth   ++........              (no amulet)
HPRegen 0.19/turn               (no ring)
MPRegen 0.08/turn               (no ring)

@: lethally poisoned (-21 -> -22), tree-form
A: stationary, stasis, torment immunity, boosted hp, (horns 2), (retaliatory
headbutt)
a: no special abilities


You were on level 3 of the Dungeon.
You were a tree.
You visited 1 branch of the dungeon, and saw 3 of its levels.

You collected 103 gold pieces.

Inventory:

Hand Weapons
 a - a +0 rapier (weapon)
Missiles
 d - 3 throwing nets (quivered)
Armour
 b - a +0 leather armour (melded)
 c - a +0 hat (melded)
Scrolls
 e - a scroll of noise
 i - a scroll of identify
Potions
 g - 2 potions of brilliance
 j - a potion of flight


   Skills:
 * Level 3.0 Fighting
 * Level 4.4 Short Blades
 - Level 2.0 Throwing
 * Level 2.4 Armour
 * Level 4.0 Dodging
 * Level 1.0 Stealth


You had 3 spell levels left.
You didn't know any spells.
Your spell library contained the following spells:

 Spells                   Type           Power      Damage    Failure   Level
 Foxfire                  Conj/Fire      0%         2x1d4     47%         1
 Conjure Flame            Conj/Fire      0%         6-21      85%         3
 Ignite Poison            Fire/Tmut/Pois 0%         N/A       85%         3
 Inner Flame              Hex/Fire       0%         N/A       85%         3
 Flame Wave               Conj/Fire      0%         2d4       99%         4
 Sticky Flame             Conj/Fire      0%         2d3       99%         4


Dungeon Overview and Level Annotations

Branches:
Dungeon (3/15)

Altars:
Uskayaw


Innate Abilities, Weirdness & Mutations

You are a tree.
Your roots penetrate the ground, keeping you stationary.
You cannot be teleported.
You are immune to unholy pain and torment.
Your maximum health is greatly increased.
Your equipment is partially melded.
((You have a pair of horns on your head.))
((You reflexively headbutt those who attack you in melee.))


Message History

The kobold brigand hits you with a +4 dagger of speed.
You hit the kobold brigand.
The kobold brigand is almost dead.
The kobold brigand hits you but does no damage. x2
You closely miss the kobold brigand.
The kobold brigand is almost dead.
The kobold brigand hits you but does no damage. x3
You hit the kobold brigand but do no damage.
The kobold brigand is almost dead.
The kobold brigand hits you but does no damage.
You are poisoned.
The kobold brigand hits you but does no damage.
You closely miss the kobold brigand.
The kobold brigand is almost dead.
You feel sick.
The kobold brigand hits you but does no damage.
The kobold drinks a potion.
The kobold seems to grow stronger.
The kobold brigand hits you but does no damage.
The kobold brigand hits you with a +4 dagger of speed!
* * * LOW HITPOINT WARNING * * *
As you read the scroll labelled GASKAO VIECI, it crumbles to dust.
The creatures around you are filled with an inner flame!
It was a scroll of immolation.
You feel sick.
The kobold brigand hits you but does no damage. x2
As you read the scroll labelled HOFUSE HIUDOK, it crumbles to dust.
You feel a strange sense of stasis.
It was a scroll of teleportation.
You feel sick.
The kobold brigand completely misses you.
The kobold brigand hits you but does no damage. x2
You hit the kobold brigand but do no damage.
The kobold brigand is almost dead.
You feel sick.
The kobold brigand hits you but does no damage.
The kobold brigand hits you with a +4 dagger of speed.
* * * LOW HITPOINT WARNING * * *
You puncture the kobold brigand!
The kobold brigand explodes!
The fiery explosion engulfs the hobgoblin!
The fiery explosion engulfs you!!
You die...

##≈#).###
#..
.##≈≈#))##
...
...≈≈##..#
...
#≈≈≈≈#..#
..
#≈≈≈≈#).#
..
#≈≈≈≈#).#
...≈≈##..#
...≈≈#§§##
...≈ #§♣#
... #§K##
#.. #.K
#.. #..
#.. ..# ..


You could see a kobold brigand (inner flame) and a kobold (inner flame, strong).

Vanquished Creatures
  A kobold brigand (D:3)
  2 adders (D:2)
  4 gnolls
  2 worms (D:2)
  2 dart slugs (D:2)
  5 ball pythons (D:1)
  4 endoplasms
  7 goblins
  4 hobgoblins
  4 jackals (D:2)
  A quokka (D:1)
  5 bats
  7 frilled lizards
  9 kobolds
  3 rats
60 creatures vanquished.

Notes
Turn   | Place    | Note
-------+----------+-------------------------------------------
     0 | D:1      | crimpus the Minotaur Gladiator began the quest for the Orb.
     0 | D:1      | Reached XP level 1. HP: 18/18 MP: 0/0
   370 | D:1      | Reached XP level 2. HP: 25/25 MP: 1/1
  1310 | D:1      | Reached skill level 1 in Armour
  1310 | D:1      | Reached XP level 3. HP: 13/30 MP: 2/2
  2476 | D:2      | Found a hide-covered altar of Uskayaw.
  2484 | D:2      | Reached XP level 4. HP: 37/37 MP: 3/3
  3391 | D:3      | Reached skill level 1 in Stealth
  3396 | D:3      | Noticed a kobold brigand
  3399 | D:3      | Noticed a kobold brigand
  3422 | D:3      | Killed a kobold brigand
  3422 | D:3      | Killed by an exploding kobold brigand... ignited by their
                  | inner flame

Illustrated notes

Levels and vault maps discovered:
D:1:      psy_arrival_fountain, layout_basic
D:2:      layout_basic, basic_altar, serial_glass, glass_columns_c,
          glass_columns_c, glass_columns_a, glass_columns_c, glass_columns_a,
          glass_columns_b, glass_columns_a, glass_columns_c, glass_columns_a,
          glass_columns_b, eino_tiny_chamber
D:3:      cheibrodos_thug_alley, layout_rooms, lemuel_coloured_pillars_altar,
          nicolae_uskayaw_en_pointe, uniq_sigmund

Skill      XL: |  1  2  3  4 |
---------------+-------------+-----
Armour         | 1 2 |  2.4
Short Blades   | 4 |  4.4
Dodging        | 4 |  4.0
Fighting       | 3 |  3.0
Stealth        | 1 |  1.0
Throwing       | |  2.0

Action                   |  1- 3 |  4- 6 || total
-------------------------+-------+-------++-------
Melee: Rapier            |    69 |    69 ||   138
       Headbutt          |    13 |     9 ||    22
       Punch             |     3 |     1 ||     4
  Use: Scroll            |       |     7 ||     7
       Potion            |       |     2 ||     2
 Stab: Distracted        |       |     1 ||     1
Armor: Leather armour    |    14 |     5 ||    19
       Skin              |       |    29 ||    29
Dodge: Dodged            |    49 |    34 ||    83
